 Dungeon Crawl Stone Soup version 0.28.0-45-g0d030f2227 (webtiles) character file.

Game seed: 13961419567502758975

50 Kangaroobicon the Sneak (level 3, -1/35 HPs)
             Began as a Troll Brigand on Apr 18, 2022.
             Killed by divine providence
             ... invoked by an orc priest
              (16 damage)
             ... on level 3 of the Dungeon.
             The game lasted 00:11:08 (1228 turns).

Kangaroobicon the Sneak (Troll Brigand)             Turns: 1228, Time: 00:11:08

Health: -1/35      AC:  6    Str: 26    XL:     3   Next: 55%
Magic:  2/2        EV:  9    Int:  7    God:
Gold:   73         SH:  0    Dex: 13    Spells: 2/2 levels left

rFire   . . .      SeeInvis .   a - +2 dagger
rCold   . . .      Faith    .   (no shield)
rNeg    . . .      Spirit   .   m - +1 robe "Iriec" {-Cast rPois Str+7}
rPois   +          Reflect  .   (helmet restricted)
rElec   .          Harm     .   c - +0 cloak
rCorr   .          Rampage  .   (gloves unavailable)
Will    .....      NoCast   +   (boots unavailable)
Stlth   ++........              (no amulet)
HPRegen 0.91/turn               (no ring)
MPRegen 0.08/turn               (no ring)

@: no status effects
A: large, unfitting armour, claws 3, regeneration 1, shaggy fur 1, tough skin 1
a: no special abilities


You were on level 3 of the Dungeon.
You visited 1 branch of the dungeon, and saw 3 of its levels.

You collected 73 gold pieces.

Inventory:

Hand Weapons
 a - a +2 dagger (weapon)
 o - a +0 hunting sling
Missiles
 d - 8 poisoned darts (quivered)
 e - 2 curare-tipped darts
 f - 75 stones
 p - 51 sling bullets
Armour
 c - a +0 cloak (worn)
 m - the +1 robe "Iriec" (worn) {-Cast rPois Str+7}
   (You found it on level 2 of the Dungeon)

   Str:       It affects your strength (+7).
   rPois:     It protects you from poison.
   -Cast:     It prevents spellcasting.
Scrolls
 g - a scroll of silence {unknown}
 h - a scroll of amnesia {unknown}
 i - a scroll of teleportation {unknown}
 j - 5 scrolls of identify {unknown}
 q - a scroll of immolation {unknown}
Potions
 b - a potion of attraction {unknown}
 k - a potion of haste {unknown}
 l - 2 potions of heal wounds {unknown}
 n - a potion of degeneration {unknown}


   Skills:
 + Level 1.9 Fighting
 + Level 1.8 Short Blades
 + Level 2.0 Throwing
 + Level 1.1 Dodging
 + Level 2.7 Stealth


You had 2 spell levels left.
You didn't know any spells.
Your spell library was empty.

Dungeon Overview and Level Annotations

Branches:
Dungeon (3/15)

Altars:


Innate Abilities, Weirdness & Mutations

You are too large for most types of armour.
You have claws for hands.
Your natural rate of healing is unusually fast.
You are covered in fur. (AC +1)
You have tough skin. (AC +1)


Message History

The orc hits you but does no damage.
You hit the orc priest but do no damage.
The orc priest is moderately wounded.
The orc barely misses you. The orc priest barely misses you.
The orc barely misses you.
You completely miss the orc priest.
The orc priest is moderately wounded.
The orc hits you with a +0 falchion. The orc priest hits you with a +0 club.
The orc hits you but does no damage.
You hit the orc priest.
The orc priest is heavily wounded.
The orc hits you with a +0 falchion.
The orc priest hits you but does no damage.
The orc closely misses you.
You hit the orc priest.
The orc priest is heavily wounded.
The orc closely misses you. The orc priest hits you with a +0 club.
The orc hits you with a +0 club.
You barely miss the orc priest.
The orc priest is heavily wounded.
The orc hits you with a +0 falchion.
* * * LOW HITPOINT WARNING * * *
The orc priest hits you but does no damage.
You hit the orc priest but do no damage.
The orc priest is heavily wounded.
The orc hits you but does no damage. The orc hits you with a +0 falchion.
* * * LOW HITPOINT WARNING * * *
You hit the orc priest but do no damage.
The orc priest is heavily wounded.
The orc priest hits you but does no damage.
The orc hits you with a +0 club.
* * * LOW HITPOINT WARNING * * *
The orc barely misses you.
The orc priest calls down the wrath of Beogh upon you.
You barely resist. The orc hits you with a +0 falchion.
* * * LOW HITPOINT WARNING * * *
The orc priest begins to cast a cantrip, but forgets the words!
The orc priest mumbles some strange prayers to Beogh against you.
Beogh smites you!
You die...

####### ##.## #.##.#
......###...###.##.#
#####.....#.....##.#
#####...###.##.########
##.................
#.###..########### #.###..######
#
##########...........########....
................@.ooo............
......).)........................
.≈.≈≈≈≈≈†≈....≈≈≈≈≈≈≈.≈≈≈≈≈.≈≈.≈≈
≈≈≈≈≈≈≈≈≈≈.....≈≈≈≈≈≈≈≈≈≈≈≈≈≈≈≈≈≈
≈≈≈≈≈≈≈≈≈.....≈≈≈≈≈≈≈≈≈≈≈≈≈≈≈≈≈≈≈
≈≈≈≈≈≈≈≈≈≈....≈≈≈≈≈≈≈≈≈≈≈≈≈≈≈≈≈≈≈
###########++####################


You could see an orc priest and 2 orcs.

Vanquished Creatures
  2 adders (D:2)
  A worm (D:2)
  2 ball pythons
  4 goblins
  4 hobgoblins
  5 jackals (D:2)
  A kobold (D:2)
  A quokka (D:2)
  3 bats
  A frilled lizard (D:1)
  A rat (D:2)
25 creatures vanquished.

Notes
Turn   | Place    | Note
-------+----------+-------------------------------------------
     0 | D:1      | Kangaroobicon the Troll Brigand began the quest for the
                  | Orb.
     0 | D:1      | Reached XP level 1. HP: 19/19 MP: 0/0
   584 | D:2      | Reached XP level 2. HP: 25/27 MP: 1/1
   710 | D:2      | Identified the +1 robe "Iriec" {-Cast rPois Str+7}
   838 | D:2      | Reached XP level 3. HP: 34/35 MP: 2/2
  1007 | D:2      | Reached skill level 1 in Dodging
  1228 | D:3      | Killed from afar by an orc priest

Illustrated notes

Levels and vault maps discovered:
D:1:      psy_arrival_heroes, layout_basic
D:2:      layout_loops_cross
D:3:      minmay_goblin_kobold_castle, layout_loops_ring,
          okawaru_ov_weapons_minmay

Skill      XL: |  1  2  3 |
---------------+----------+-----
Throwing       | 2 |  2.0
Dodging        | 1 |  1.1
Fighting       | |  1.9
Short Blades   | |  1.8
Stealth        | |  2.7

Action                   || total
-------------------------++-------
Melee: Dagger            ||   120
 Stab: Sleeping          ||     5
Armor: Robe              ||    60
Dodge: Dodged            ||    60
